 Dungeon Crawl Stone Soup version 0.29-a0-207-gf982a884d8 (webtiles) character file.

Game seed: 13284282231788027967

78 horus123 the Slasher (level 4, 0/35 HPs)
             Began as a Human Abyssal Knight on Feb 23, 2022.
             Was a Follower of Lugonu.
             Slain by an orc
             ... wielding a +3 trident
              (6 damage)
             ... on level 3 of the Dungeon.
             The game lasted 00:03:36 (3204 turns).

horus123 the Slasher (Human Abyssal Knight)         Turns: 3204, Time: 00:03:37

Health: 0/35       AC:  4    Str: 13    XL:     4   Next: 61%
Magic:  5/5        EV: 11    Int: 13    God:    Lugonu [*.....]
Gold:   114        SH:  0    Dex: 13    Spells: 4/5 levels left

rFire   . . .      SeeInvis .   a - +1 falchion
rCold   . . .      Faith    .   (no shield)
rNeg    . . .      Spirit   .   b - +0 leather armour
rPois   .          Reflect  .   (no helmet)
rElec   .          Harm     .   (no cloak)
rCorr   .          Rampage  .   e - +0 pair of gloves
Will    .....                   (no boots)
Stlth   +.........              (no amulet)
HPRegen 0.11/turn               (no ring)
MPRegen 0.09/turn               (no ring)

@: no status effects
A: no striking features
a: Renounce Religion, Depart the Abyss


You were on level 3 of the Dungeon.
You worshipped Lugonu.
Lugonu was aware of your devotion.
You visited 1 branch of the dungeon, and saw 3 of its levels.
You visited the Abyss 1 time.

You collected 114 gold pieces.

Inventory:

Hand Weapons
 a - a +1 falchion (weapon)
Armour
 b - a +0 leather armour (worn)
 e - a +0 pair of gloves (worn)
Scrolls
 d - a scroll of teleportation
 g - 2 scrolls of vulnerability {unknown}
Potions
 c - 2 potions of curing
 f - a potion of lignification
 h - a potion of haste {unknown}


   Skills:
 - Level 3.0 Fighting
 - Level 4.0 Long Blades
 - Level 2.0 Armour
 - Level 1.0 Dodging
 - Level 1.0 Spellcasting
 + Level 1.0 Ice Magic
 - Level 2.0 Invocations


You had 4 spell levels left.
You knew the following spells:

 Your Spells              Type           Power      Damage    Failure   Level
a - Freeze                Ice            12%        1d4       22%         1

Your spell library contained the following spells:

 Spells                   Type           Power      Damage    Failure   Level
 Animate Skeleton         Necr           0%         N/A       34%         1
 Apportation              Tloc           0%         N/A       34%         1
 Beastly Appendage        Tmut           0%         N/A       34%         1
 Summon Small Mammal      Summ           0%         N/A       34%         1
 Wereblood                Tmut           0%         N/A       47%         2
 Frozen Ramparts          Ice            6%         1d2       56%         3
 Spider Form              Tmut/Pois      0%         N/A       71%         3
 Hailstorm                Conj/Ice       2%         3d3       96%         4


Dungeon Overview and Level Annotations

Branches:
Dungeon (3/15)

Altars:
Wu Jian


Message History

You are too injured to fight recklessly!
You hit the worm.
The worm is almost dead.
The worm bites you.
* * * LOW HITPOINT WARNING * * *
You hit the worm.
You kill the worm!
Lugonu accepts your kill.
Your Ice Magic skill increases to level 1!
You start resting.
HP restored.
You start waiting.
You can no longer bend space around yourself.
An orc comes into view. It is wielding a +3 trident.
The orc shouts!
An endoplasm comes into view.
The endoplasm quivers.
You hit the orc but do no damage. The orc hits you with a +3 trident. x2
You completely miss the orc. The orc hits you with a +3 trident.
You hit the orc but do no damage. The orc hits you with a +3 trident.
You closely miss the orc. The orc barely misses you.
You closely miss the orc. The orc closely misses you.
You hit the orc.
The orc is severely wounded.
The orc barely misses you.
You barely miss the orc.
The orc is severely wounded.
The orc hits you with a +3 trident.
You closely miss the orc.
The orc is severely wounded.
The orc hits you with a +3 trident.
* * * LOW HITPOINT WARNING * * *
You hit the orc but do no damage.
The orc is severely wounded.
The orc hits you with a +3 trident.
* * * LOW HITPOINT WARNING * * *
You hit the orc but do no damage.
The orc is severely wounded.
The orc hits you with a +3 trident.
You die...

### ..# #J# #o#
#@##############
#..............#
.^.....############.#
........ #.# ######.#
##.# #.# #..# #.#
#.## #.# #.# #.
#.####


You could see an orc and an endoplasm.

Vanquished Creatures
  3 adders (D:2)
  A worm (D:3)
  3 ball pythons
  7 endoplasms
  A giant cockroach (D:2)
  3 goblins (D:1)
  2 hobgoblins (D:1)
  5 jackals (D:1)
  A quokka (D:1)
  6 bats
  3 frilled lizards (D:1)
  6 kobolds
  3 rats
44 creatures vanquished.

Notes
Turn   | Place    | Note
-------+----------+-------------------------------------------
     0 | Abyss:1  | horus123 the Human Abyssal Knight began the quest for the
                  | Orb.
     0 | Abyss:1  | Reached XP level 1. HP: 18/18 MP: 2/2
     6 | D:1      | Escaped the Abyss
   178 | D:1      | Reached XP level 2. HP: 24/24 MP: 3/3
   421 | D:1      | Reached skill level 3 in Long Blades
   880 | D:1      | Reached XP level 3. HP: 26/29 MP: 4/4
   882 | D:1      | Learned a level 1 spell: Freeze
  1350 | D:1      | Reached ** piety under Lugonu
  1596 | D:1      | Found a faded altar of an unknown god.
  2061 | D:2      | Reached skill level 4 in Long Blades
  2061 | D:2      | Reached XP level 4. HP: 18/35 MP: 5/5
  2213 | D:2      | Found an ornate altar of the Wu Jian Council.
  2433 | D:2      | Reached skill level 1 in Spellcasting
  2871 | D:3      | Reached skill level 1 in Ice Magic
  3204 | D:3      | Slain by an orc

Illustrated notes

Levels and vault maps discovered:
D:1:      saegor_arrival_miasma, layout_loops_corners,
          shapermc_ecumenical_altar_mp_vishouse, chequers_jeans
D:2:      layout_basic, basic_altar
D:3:      layout_loops_ring, bh_walls_and_bars

Skill      XL: |  1  2  3  4 |
---------------+-------------+-----
Long Blades    | 3 4 |  4.0
Spellcasting   | 1 |  1.0
Ice Magic      | 1 |  1.0
Fighting       | |  3.0
Armour         | |  2.0
Dodging        | |  1.0
Invocations    | |  2.0

Action                   |  1- 3 |  4- 6 || total
-------------------------+-------+-------++-------
Melee: Falchion          |   116 |    53 ||   169
       Punch             |     1 |       ||     1
  Use: Potion            |     3 |       ||     3
       Scroll            |     1 |       ||     1
 Stab: Sleeping          |     2 |       ||     2
Armor: Leather armour    |    35 |     7 ||    42
Dodge: Dodged            |    61 |    32 ||    93

Table legend: (Time is in decaauts)
 A = Elapsed time spent in this place.
 B = Non-inter-level travel time spent in this place.
 C = Inter-level travel time spent in this place.
 D = Time resting spent in this place.
 E = Time spent auto-exploring this place.
 F = Levels seen in this place.
 G = Mean time per level.
                   A        B        C        D        E       F      G
               +--------+--------+--------+--------+--------+-----+--------+
         Total |   3224 |   3156 |     68 |    727 |   2019 |   4 |  806.0 |
       Dungeon |   3218 |   3150 |     68 |    727 |   2019 |   3 | 1072.7 |
         Abyss |      6 |      6 |      0 |      0 |      0 |   1 |    6.0 |
               +--------+--------+--------+--------+--------+-----+--------+

Top non-repeatable levels by time:
     D:1: 1689 daAuts
     D:2: 1166 daAuts
     D:3: 362 daAuts
 Abyss:1: 6 daAuts
